 Dungeon Crawl Stone Soup version 0.32-a0-675-gdc239d62e1 (webtiles) character file.

Game seed: 7865862158249623209

55 mopl the Sneak (level 3, 0/16 HPs)
             Began as a Vine Stalker Enchanter on Mar 11, 2024.
             Slain by an orc wizard
             ... wielding a +0 short sword
              (2 damage)
             ... on level 2 of the Dungeon.
             The game lasted 00:01:24 (838 turns).

mopl the Sneak (Vine Stalker Enchanter)              Turns: 838, Time: 00:01:24

Health: 0/16       AC:  2    Str: 16    XL:     3   Next: 93%
Magic:  0/8        EV: 12    Int: 17    God:
Gold:   98         SH:  0    Dex: 14    Spells: 2/7 levels left

rFire   . . .        a - +1 dagger
rCold   . . .        (no shield)
rNeg    . . .        b - +0 robe
rPois   .            (no helmet)
rElec   .            (no cloak)
rCorr   .            (no gloves)
SInv    .            (no boots)
Will    .....        (no amulet)
Stlth   +++          h - +6 ring of strength
HPRegen 1.02/turn    (no ring)
MPRegen 0.11/turn

%: guardian spirit
@: no status effects
A: fangs 2, regeneration 1, magic shield, antimagic bite, no potion heal 2
a: no special abilities


You were on level 2 of the Dungeon.
You visited 1 branch of the dungeon, and saw 2 of its levels.

You collected 98 gold pieces.

Inventory:

Hand Weapons
 a - a +1 dagger (weapon)
Missiles
 j - 3 poisoned darts
 m - 5 datura-tipped darts
Armour
 b - a +0 robe (worn)
Jewellery
 h - a +6 ring of strength (left hand)
Scrolls
 f - a scroll of noise {unknown}
 g - 5 scrolls of teleportation {unknown}
 k - a scroll of identify {unknown}
Potions
 c - 2 potions of invisibility
 d - a potion of mutation {unknown}
 e - a potion of berserk rage {unknown}
 i - a potion of curing {unknown}
 l - a potion of cancellation {unknown}


   Skills:
 + Level 1.4 Short Blades
 - Level 1.5 Dodging
 * Level 4.5 Stealth
 * Level 2.9 Spellcasting
 * Level 3.5 Hexes


You had 2 spell levels left.
You knew the following spells:

 Your Spells              Type           Power      Damage    Failure   Level
b - Ensorcelled Hibernat  Hex/Ice        16%        N/A       13%         2
c - Confusing Touch       Hex            14%        N/A       13%         3

Your spell library contained the following spells:

 Spells                   Type           Power      Damage    Failure   Level
 Sigil of Binding         Hex            14%        N/A       13%         3
 Tukima's Dance           Hex            14%        N/A       13%         3
 Dazzling Flash           Conj/Hex       16%        N/A       26%         3
 Call Canine Familiar     Summ           2%         N/A       47%         3
 Dimensional Bullseye     Hex/Tloc       4%         N/A       65%         4


Dungeon Overview and Level Annotations

Branches:
Dungeon (2/15)

Altars:


Innate Abilities, Weirdness & Mutations

You have extremely sharp teeth.
Your natural rate of healing is unusually fast.
When hurt, damage is shared between your health and your magic reserves.
Your bite disrupts and absorbs the magic of your enemies.
Potions cannot restore your health.


Message History

You bite the orc wizard, but do no damage.
The orc wizard is almost dead.
An orc wizard comes into view. It is wielding a +0 short sword.
The orc wizard mumbles some strange words.
The orc wizard flickers and vanishes!
Deactivating autopickup; reactivate with Ctrl-A.
You closely miss something. Something hits you.
The orc wizard gestures at you while chanting.
The magic dart hits something.
You barely miss something. Your bite misses something.
The orc wizard gestures at you while chanting.
The magic dart hits something!
Reactivating autopickup.
You feel a bit more experienced.
Things that are here:
a +0 dagger; a +0 robe The orc wizard hits you with a +0 short sword.
You hit the orc wizard but do no damage.
The orc wizard barely misses you.
You hit the orc wizard.
The orc wizard is lightly wounded.
The orc wizard mumbles some strange words.
The orc wizard flickers and vanishes!
Deactivating autopickup; reactivate with Ctrl-A.
You hit something but do no damage. Something hits you.
You barely miss something. Your bite misses something. Something hits you.
You hit something. You closely miss something. Your bite misses something.
Something hits you.
You completely miss something.
You hear some strange, mumbled words.
Something tries to affect you, but you resist.
You closely miss something. Something hits you.
You hit something. Something hits you.
You hit something but do no damage. Your bite misses something.
Something hits you.
* * * LOW HITPOINT WARNING * * *
You miss something. Your bite misses something. Something hits you.
* * * LOW HITPOINT WARNING * * *
You hit something. Your bite misses something. Something hits you.
You die...

#.# #.# #.# #######
#.# #.# #.....# #.#
#######?###.###.####.#
#...........# #.....)#
.#####.##..# #......#
#.##......###.##
#)##.###### #.# #@##.#
#.# .......{##.# #.#
...........# #.#
#.########.# #.# #.#


There were no monsters in sight!

Vanquished Creatures
  5 ball pythons
  2 bats (D:1)
  An endoplasm (D:1)
  4 goblins
  3 hobgoblins (D:1)
  2 jackals (D:1)
  5 kobolds
  A quokka (D:2)
  3 frilled lizards (D:1)
  5 rats (D:1)
31 creatures vanquished.

Vanquished Creatures (others)
  An orc wizard (D:2)
1 creature vanquished.

Grand Total: 32 creatures vanquished

Notes
Turn   | Place    | Note
-------+----------+-------------------------------------------
     0 | D:1      | mopl the Vine Stalker Enchanter began the quest for the
                  | Orb.
     0 | D:1      | Reached XP level 1. HP: 9/9 MP: 4/4
    27 | D:1      | Reached skill level 1 in Short Blades
    59 | D:1      | Reached XP level 2. HP: 11/13 MP: 4/6
    76 | D:1      | Learned a level 2 spell: Ensorcelled Hibernation
   106 | D:1      | Reached skill level 4 in Stealth
   369 | D:1      | Reached XP level 3. HP: 15/16 MP: 7/7
   373 | D:1      | Learned a level 3 spell: Confusing Touch
   838 | D:2      | Slain by an orc wizard

Illustrated notes

Levels and vault maps discovered:
D:1:      nzn_arrival_water_spiral, layout_basic
D:2:      layout_loops_ring

Skill      XL: |  1  2 |
---------------+-------+-----
Short Blades   | 1 |  1.4
Stealth        | 4 |  4.5
Dodging        | |  1.5
Spellcasting   | |  2.9
Hexes          | |  3.5

Action                     || total
---------------------------++-------
  Melee: Dagger            ||   106
         Bite              ||    19
   Stab: Sleeping          ||     4
 Armour: Robe              ||    53
  Dodge: Dodged            ||    71

Table legend: (Time is in decaauts)
 A = Elapsed time spent in this place.
 B = Non-inter-level travel time spent in this place.
 C = Inter-level travel time spent in this place.
 D = Time resting spent in this place.
 E = Time spent auto-exploring this place.
 F = Levels seen in this place.
 G = Mean time per level.
                   A        B        C        D        E       F      G
               +--------+--------+--------+--------+--------+-----+--------+
         Total |    831 |    817 |     14 |      0 |    552 |   2 |  415.5 |
       Dungeon |    831 |    817 |     14 |      0 |    552 |   2 |  415.5 |
               +--------+--------+--------+--------+--------+-----+--------+

Top non-repeatable levels by time:
     D:1: 553 daAuts
     D:2: 278 daAuts
